 Dungeon Crawl Stone Soup version 0.28.0-45-g0d030f2227 (webtiles) character file.

Game seed: 14834519689868199144

32 zeratav the Insei (level 3, -6/23 HPs)
             Began as an Octopode Transmuter on Apr 10, 2022.
             Mangled by a gnoll
             ... wielding a +0 flail
              (12 damage)
             ... on level 1 of the Dungeon.
             The game lasted 00:02:28 (1056 turns).

zeratav the Insei (Octopode Transmuter)             Turns: 1056, Time: 00:02:28

Health: -6/23      AC:  1    Str:  9    XL:     3   Next: 25%
Magic:  6/6        EV: 13    Int: 17    God:
Gold:   38         SH:  0    Dex: 12    Spells: 5/6 levels left

rFire   . . .      SeeInvis .     - Unarmed
rCold   . . .      Faith    .   (no shield)
rNeg    . . .      Spirit   .   (helmet restricted)
rPois   .          Reflect  .   (no amulet)
rElec   .          Harm     .   (no ring)
rCorr   .          Rampage  .   (no ring)
Will    .....                   (no ring)
Stlth   +++.......              (no ring)
HPRegen 0.07/turn               (no ring)
MPRegen 0.10/turn               (no ring)
                                (no ring)
                                (no ring)

@: no status effects
A: almost no armour, amphibious, 8 rings, camouflage 1, gelatinous body 1,
(nimble swimmer 1), tentacles
a: no special abilities


You were on level 1 of the Dungeon.
You visited 1 branch of the dungeon, and saw 1 of its levels.

You collected 38 gold pieces.


Innate Abilities, Weirdness & Mutations

You cannot wear most types of armour.
You are amphibious.
You can wear up to eight rings at the same time.
Your skin changes colour to match your surroundings (Stealth+).
Your rubbery body absorbs attacks. (AC +1, EV +1)
((You are camouflaged when in or above water. (Stealth+)))
You have tentacles for arms and can constrict up to eight enemies at once.


   Skills:
 - Level 1.3 Fighting
 - Level 2.2 Dodging
 - Level 1.1 Stealth
 - Level 3.3 Unarmed Combat
 - Level 2.0 Spellcasting
 + Level 1.6 Summonings
 - Level 2.0 Transmutations


You had 5 spell levels left.
You knew the following spells:

 Your Spells              Type           Power      Damage    Failure   Level
a - Beastly Appendage     Tmut           16%        N/A       9%          1

Your spell library contained the following spells:

 Spells                   Type           Power      Damage    Failure   Level
 Wereblood                Tmut           8%         N/A       13%         2
 Spider Form              Tmut/Pois      5%         N/A       36%         3
 Ice Form                 Ice/Tmut       5%         N/A       77%         4
 Summon Ice Beast         Ice/Summ       4%         N/A       80%         4
 Summon Mana Viper        Hex/Summ       4%         N/A       98%         5
 Monstrous Menagerie      Summ           3%         N/A       100%        7

Inventory:

Jewellery
 a - a +4 ring of evasion
   (You found it on level 1 of the Dungeon)
Scrolls
 b - a scroll of fear {unknown}
 c - 2 scrolls of identify {unknown}
 d - a scroll of immolation {unknown}

Dungeon Overview and Level Annotations

Branches:
Dungeon (1/15)

Altars:

#.....# #......#
#.....# #......#
#.....# #......#
#..†..# #......#
#.....# #......#
#.....# #......#
#.....# ####..##
#.....###########..#
#.....g@...........#
#.....##########...#
####.## ##..# #.#
#..# #.# #..## #.
#...# #.# #.#.## ..
#.#..### .#
###.##....


You could see a gnoll.


Message History

HP[+14]
Your hp is fully restored (23).
You see here a +0 club {mace}.
Things that are here:
a hobgoblin corpse; a hobgoblin skeleton You see here a bat skeleton.
c - 2 scrolls labelled UBECEF NUTEA (gained 1)
You now have 38 gold pieces (gained 12).
A ball python comes into view.
One of your tentacles grows a vicious spike.
MP[-1]
You lost 1 mp, and now have 5/6 mp.
The ball python bites you. The ball python barely misses you.
HP[-2]
You take 2 damage, and now have 21/23 hp.
You closely miss the ball python. You grab the ball python.
Your tentacle spike misses the ball python.
You constrict the ball python. The ball python bites you.
The ball python grabs you. The ball python constricts you.
HP[-3]
You take 3 damage, and now have 18/23 hp.
You tentacle-slap the ball python.
You kill the ball python!
Your transformation is almost over.
No target in view!
No target in view!
No target in view!
No target in view!
No target in view!
No target in view!
Your tentacle spike disappears.
Things that are here:
a hobgoblin skeleton; a hobgoblin skeleton A rat and 2 jackals come into view.
HP[+5] MP[+1]
Your hp is fully restored (23).
Your mp is fully restored (6).
There are monsters nearby!
One of your tentacles grows a vicious spike.
MP[-1]
You lost 1 mp, and now have 5/6 mp.
A gnoll and a jackal come into view.
The gnoll shouts!
The jackal barks!
Your transformation is almost over.
The jackal closely misses you. The rat bites you.
HP[-2]
You take 2 damage, and now have 21/23 hp.
You tentacle-slap the rat.
You kill the rat!
The jackal barely misses you.
You tentacle-slap the gnoll but do no damage.
Your grab misses the gnoll.
You pierce the gnoll.
The jackal misses you. The gnoll barely misses you.
You tentacle-slap the gnoll. You grab the gnoll.
You pierce the gnoll, but do no damage.
You constrict the gnoll. The jackal bites you. The jackal misses you.
The jackal bites you.
The jackal bites you but does no damage.
The gnoll barely misses you. The jackal completely misses you.
HP[-5]
You take 5 damage, and now have 16/23 hp.
MASSIVE DAMAGE!! (PAUSE)
You release your grip on the gnoll.
The jackal closely misses you.
MP[+1]
Your mp is fully restored (6).
The jackal bites you but does no damage.
Your tentacle spike disappears.
You barely miss the jackal. Your grab misses the jackal.
You tentacle-slap the jackal. You grab the jackal. You squeeze the jackal.
You constrict the jackal, but do no damage.
The jackal bites you but does no damage.
The jackal bites you.
HP[-3]
You take 3 damage, and now have 13/23 hp.
You tentacle-slap the jackal.
You kill the jackal!
The jackal bites you.
HP[-1]
You take 1 damage, and now have 12/23 hp.
You tentacle-slap the jackal but do no damage.
You grab the jackal.
You constrict the jackal, but do no damage.
The jackal bites you.
* * * LOW HITPOINT WARNING * * *
HP[-1]
You take 1 damage, and now have 11/23 hp.
You tentacle-slap the jackal. x2; You squeeze the jackal.
You kill the jackal!
You closely miss the jackal. Your grab misses the jackal.
You squeeze the jackal.
You kill the jackal!
You closely miss the gnoll. Your grab misses the gnoll.
The gnoll hits you with a +0 flail.
* * * LOW HITPOINT WARNING * * *
HP[-5]
You take 5 damage, and now have 6/23 hp.
MASSIVE DAMAGE!! (PAUSE)
You barely miss the gnoll. Your grab misses the gnoll.
The gnoll hits you with a +0 flail!
Ouch! That really hurt!
You die...

Skill      XL: |  1  2 |
---------------+-------+-----
Stealth        | 1 |  1.1
Summonings     | 1 |  1.6
Fighting       | |  1.3
Dodging        | |  2.2
Unarmed Combat | |  3.3
Spellcasting   | |  2.0
Transmutations | |  2.0

Action                   || total
-------------------------++-------
Melee: Unarmed           ||    56
       Tentacles         ||    15
       Punch             ||     6
       Constrict         ||    13
       Kick              ||     7
 Cast: Beastly Appendage ||     8
 Stab: Sleeping          ||     1
Armor: Skin              ||     6
Dodge: Dodged            ||    43

Levels and vault maps discovered:
D:1:      minmay_arrival_shattered_statue, layout_rooms,
          hellmonk_ecumenical_altar_watching_god, st_stairs_1,
          minmay_indecisive_spiral

Notes
Turn   | Place    | Note
-------+----------+-------------------------------------------
     0 | D:1      | zeratav the Octopode Transmuter began the quest for the
                  | Orb.
     0 | D:1      | Reached XP level 1. HP: 13/13 MP: 3/3
     0 | D:1      | magus.rc [v1.9.6]
   110 | D:1      | HP: 3/13 [frozen (4)]
   112 | D:1      | Reached XP level 2. HP: 4/18 MP: 5/5
   117 | D:1      | HP: 2/18 [frozen (3)]
   190 | D:1      | HP: 4/18 [bat (1)]
   192 | D:1      | Reached skill level 1 in Stealth
   423 | D:1      | You pick up a book of Beasts and begin reading...
   423 | D:1      | You add the spells Summon Ice Beast, Summon Mana Viper and
                  | Monstrous Menagerie to your library.
   640 | D:1      | Reached skill level 1 in Summonings
   648 | D:1      | Reached XP level 3. HP: 8/23 MP: 6/6
  1056 | D:1      | Mangled by a gnoll

Vanquished Creatures
  A dart slug (D:1)
  3 ball pythons (D:1)
  4 bats (D:1)
  3 endoplasms (D:1)
  2 goblins (D:1)
  4 hobgoblins (D:1)
  3 jackals (D:1)
  2 kobolds (D:1)
  A quokka (D:1)
  A frilled lizard (D:1)
  A rat (D:1)
25 creatures vanquished.

Table legend:
 A = Non-vault XP
 B = Vault XP
 C = Vault XP percentage of total XP
 D = Non-vault monster count
 E = Vault monster count
 F = Vault count percentage of total count
                 A         B        C        D         E       F
            +---------+---------+-------+---------+---------+-------
      Total |      33 |      13 |  28.3 |      19 |       6 |  24.0
            +---------+---------+-------+---------+---------+-------
        D:1 |      33 |      13 |  28.3 |      19 |       6 |  24.0
            +---------+---------+-------+---------+---------+-------

Illustrated notes

Table legend:
 A = Kills in this place as a percentage of kills in entire the game.
 B = Kills by you in this place as a percentage of kills by you in the entire game.
 C = Kills by friends in this place as a percentage of kills by friends in the entire game.
 D = Other kills in this place as a percentage of other kills in the entire game.
 E = Experience gained in this place as a percentage of experience gained in the entire game.
 F = Experience gained in this place divided by the number of levels of this place that you have seen.
                   A       B       C       D       E      F
               +-------+-------+-------+-------+-------+----------------------
         Total | 100.0 | 100.0 |   N/A |   N/A | 100.0 |  46.0
       Dungeon | 100.0 | 100.0 |   N/A |   N/A | 100.0 |  46.0
               +-------+-------+-------+-------+-------+----------------------

Table legend: (Time is in decaauts)
 A = Elapsed time spent in this place.
 B = Non-inter-level travel time spent in this place.
 C = Inter-level travel time spent in this place.
 D = Time resting spent in this place.
 E = Time spent auto-exploring this place.
 F = Levels seen in this place.
 G = Mean time per level.
                   A        B        C        D        E       F      G
               +--------+--------+--------+--------+--------+-----+--------+
         Total |   1052 |   1052 |      0 |    293 |    610 |   1 | 1052.0 |
       Dungeon |   1052 |   1052 |      0 |    293 |    610 |   1 | 1052.0 |
               +--------+--------+--------+--------+--------+-----+--------+

Top non-repeatable levels by time:
     D:1: 1052 daAuts
